 Dungeon Crawl Stone Soup version 0.29.1-15-g9cfb28693d (webtiles) character file.

Game seed: 1386257705808862013

1287352 Smoke131 the Skullcrusher (level 27, 0/273 HPs)
             Began as a Minotaur Fighter on Feb 24, 2023.
             Was the Champion of the Shining One.
             Killed by divine providence
             ... invoked by a royal mummy
              (15 damage)
             ... on level 3 of the Tomb of the Ancients.
             The game lasted 07:58:11 (142346 turns).

Smoke131 the Skullcrusher (Minotaur Fighter)      Turns: 142346, Time: 07:58:12

Health: 0/273      AC: 57    Str: 42    XL:     27
Magic:  35/39      EV: 20    Int:  9    God:    the Shining One [******]
Gold:   11873      SH: 34    Dex: 14    Spells: 38/38 levels left

rFire   + + +      SeeInvis +   U - +9 eveningstar (holy)
rCold   + + +      Faith    .   j - +4 tower shield {AC+3}
rNeg    + + +      Spirit   .   W - +12 gold dragon scales
rPois   +          Reflect  +   s - +2 hat {Will+}
rElec   +          Harm     .   A - +2 cloak {rCorr}
rCorr   +          Rampage  .   m - +2 pair of gloves of Lesser Demons {Will+++ Int+5 Slay+5 Stlth-}
Will    +++++                   S - +3 pair of mountain boots {steadfast, rC+}
Stlth   ..........              L - amulet "Ligriona" {Reflect +Blink rC+ Str+6 SH+5}
HPRegen 0.55/turn               r - ring of Asorch {Fire rPois SInv Stlth+}
MPRegen 0.26/turn               B - ring of Waesagegg {rElec rF+ rC+}

@: lethally poisoned (0 -> -32), marked, slowed, glowing, studying 3 skills,
very slow
A: horns 2, retaliatory headbutt, hooves 1, thin skeletal structure 1, strong 1,
noise suppression
}: 14/15 runes: serpentine, barnacled, slimy, silver, iron, obsidian, icy, bone,
abyssal, demonic, glowing, magical, fiery, dark
a: Renounce Religion, Evoke Blink, Divine Shield, Cleansing Flame, Summon Divine
Warrior


You were on level 3 of the Tomb of the Ancients.
You worshipped the Shining One.
The Shining One was exalted by your worship.
You visited 18 branches of the dungeon, and saw 87 of its levels.
You visited Pandemonium 1 time, and saw 20 of its levels.
You visited the Abyss 1 time.
You visited 1 bazaar.
You also visited: Trove, Gauntlet and Ice Cave.

You collected 16702 gold pieces.
You spent 4829 gold pieces at shops.

Inventory:

Hand Weapons
 i - a +9 eudemon blade of holy wrath
 U - a +9 eveningstar of holy wrath (weapon)
Armour
 j - a +4 tower shield of protection (worn)
 m - the +2 pair of gloves of Lesser Demons (worn) {Will+++ Int+5 Slay+5 Stlth-}
   (You acquired it on level 1 of the Snake Pit)

   Int:       It affects your intelligence (+5).
   Slay:      It affects your accuracy & damage with ranged weapons and melee
   (+5).
   Will:      It greatly increases your willpower.
   Stlth:     It makes you less stealthy.
 s - a +2 hat of willpower (worn)
 A - a +2 cloak of preservation (worn)
 C - a +1 tower shield of cold resistance
 S - the +3 pair of mountain boots (worn) {steadfast, rC+}
   (You acquired it on level 14 of the Dungeon)

   It prevents involuntary movement, except for blinking, teleportation, or
   banishment.
   rC:        It protects you from cold.
 W - +12 gold dragon scales (worn)
Jewellery
 d - the ring "Otuq" {rElec Str+6 Int-5 Dex+3}
   (You found it in a treasure trove)

   [ring of strength]

   Str:       It affects your strength (+6).
   Int:       It affects your intelligence (-5).
   Dex:       It affects your dexterity (+3).
   rElec:     It insulates you from electricity.
 p - the ring of Elyvilon's Hope {rN+++ AC+4 Dex-3 Slay+2 Stlth+}
   (You found it in Pandemonium)

   [ring of protection]

   AC:        It affects your AC (+4).
   Dex:       It affects your dexterity (-3).
   Slay:      It affects your accuracy & damage with ranged weapons and melee
   (+2).
   rN:        It renders you almost immune to negative energy.
   Stlth:     It makes you more stealthy.
 q - the ring "Jotsah" {Fly Int+5 Slay+2 SInv}
   (You found it on level 7 of Tartarus)

   [ring of see invisible]

   Int:       It affects your intelligence (+5).
   Slay:      It affects your accuracy & damage with ranged weapons and melee
   (+2).
   SInv:      It lets you see invisible.
   Fly:       It grants you flight.
 r - the ring of Asorch (left hand) {Fire rPois SInv Stlth+}
   (You found it on level 5 of the Pits of Slime)

   [ring of fire]

   It enhances your fire magic.
   rF:        It protects you from fire.
   rC:        It makes you vulnerable to cold.
   rPois:     It protects you from poison.
   SInv:      It lets you see invisible.
   Stlth:     It makes you more stealthy.
 B - the ring of Waesagegg (right hand) {rElec rF+ rC+}
   (You found it in a treasure trove)

   [ring of protection from cold]

   rF:        It protects you from fire.
   rC:        It protects you from cold.
   rElec:     It insulates you from electricity.
 E - the ring of Aklufooh {rElec rC+ Str+4}
   (You found it on level 7 of Gehenna)

   [ring of protection from cold]

   Str:       It affects your strength (+4).
   rC:        It protects you from cold.
   rElec:     It insulates you from electricity.
 I - the ring of Nicuxups {Fly rF+ Dex+3}
   (You found it on level 7 of Gehenna)

   [ring of flight]

   Dex:       It affects your dexterity (+3).
   rF:        It protects you from fire.
   Fly:       It grants you flight.
 J - the ring of Yssuenec {Fly rElec Int-5 Dex+7 Slay+4}
   (You found it in a treasure trove)

   [ring of slaying]

   Int:       It affects your intelligence (-5).
   Dex:       It affects your dexterity (+7).
   Slay:      It affects your accuracy & damage with ranged weapons and melee
   (+4).
   rElec:     It insulates you from electricity.
   Fly:       It grants you flight.
 L - the amulet "Ligriona" (around neck) {Reflect +Blink rC+ Str+6 SH+5}
   (You found it in a treasure trove)

   [amulet of reflection]

   It reflects blocked missile attacks.
   Str:       It affects your strength (+6).
   rC:        It protects you from cold.
   +Blink:    It lets you blink.
   SH:        It affects your SH (+5).
 Q - the ring "Ytobefua" {rElec rC+ rN+ rCorr Stlth+}
   (You found it on level 3 of the Crypt)

   [ring of resist corrosion]

   rC:        It protects you from cold.
   rElec:     It insulates you from electricity.
   rN:        It protects you from negative energy.
   rCorr:     It protects you from acid and corrosion.
   Stlth:     It makes you more stealthy.
 R - the ring of Tepnan {rElec rN+ MP+9}
   (You found it on level 7 of Cocytus)

   [ring of magical power]

   rElec:     It insulates you from electricity.
   rN:        It protects you from negative energy.
   MP:        It affects your magic capacity (+9).
 V - the ring "Paety" {rF+ Str+6 Dex+4}
   (You found it in a treasure trove)

   [ring of strength]

   Str:       It affects your strength (+6).
   Dex:       It affects your dexterity (+4).
   rF:        It protects you from fire.
 Y - an amulet of guardian spirit
Wands
 t - a wand of light (40)
 u - a wand of roots (48)
 v - a wand of charming (71)
 x - a wand of digging (7)
 H - a wand of polymorph (21)
 M - a wand of flame (139)
 N - a wand of mindburst (18)
Scrolls
 b - 20 scrolls of poison
 f - 5 scrolls of brand weapon
 g - 29 scrolls of teleportation
 h - 9 scrolls of enchant weapon
 l - a scroll of blinking
 y - 10 scrolls of fog
 D - 8 scrolls of silence
 K - 8 scrolls of summoning
 O - 11 scrolls of fear
 X - 12 scrolls of amnesia
 Z - 4 scrolls of magic mapping
Potions
 a - 2 potions of heal wounds
 c - 12 potions of haste
 e - 14 potions of lignification
 k - 44 potions of curing
 n - 3 potions of flight
 o - 7 potions of cancellation
 w - 5 potions of ambrosia
 z - 11 potions of mutation
 F - 10 potions of brilliance
 G - 5 potions of resistance
 P - 2 potions of berserk rage
 T - 13 potions of might


   Skills:
 O Level 27 Fighting
 - Level 23.5 Long Blades
 O Level 27 Maces & Flails
 O Level 27 Armour
 O Level 27 Dodging
 O Level 27 Shields
 + Level 6.0 Spellcasting
 O Level 27 Invocations
 O Level 27 Evocations


You had 38 spell levels left.
You didn't know any spells.
Your spell library contained the following spells:

 Spells                   Type           Power      Damage    Failure   Level
 Beastly Appendage        Tmut           4%         N/A       58%         1
 Foxfire                  Conj/Fire      16%        2x1d4     58%         1
 Magic Dart               Conj           8%         1d3       58%         1
 Sandblast                Erth           4%         2d4       58%         1
 Shock                    Conj/Air       8%         1d3       58%         1
 Slow                     Hex            8%         N/A       58%         1
 Summon Small Mammal      Summ           8%         N/A       58%         1
 Blink                    Tloc           4%         N/A       73%         2
 Call Imp                 Summ           2%         N/A       73%         2
 Ensorcelled Hibernation  Hex/Ice        4%         N/A       73%         2
 Passwall                 Tmut/Erth      1%         N/A       73%         2
 Poisonous Vapours        Pois/Air       4%         N/A       73%         2
 Scorch                   Fire           8%         2d5       73%         2
 Searing Ray              Conj           4%         2d4       73%         2
 Static Discharge         Conj/Air       2%         3-4/arc   73%         2
 Sublimation of Blood     Necr           2%         N/A       73%         2
 Wereblood                Tmut           2%         N/A       73%         2
 Call Canine Familiar     Summ           2%         N/A       91%         3
 Confusing Touch          Hex            2%         N/A       91%         3
 Conjure Flame            Conj/Fire      4%         6-21      91%         3
 Dazzling Flash           Conj/Hex       4%         N/A       91%         3
 Frozen Ramparts          Ice            4%         1d1       91%         3
 Gell's Gravitas          Tloc           2%         N/A       91%         3
 Ignite Poison            Fire/Tmut/Pois 4%         N/A       91%         3
 Inner Flame              Hex/Fire       4%         N/A       91%         3
 Lesser Beckoning         Tloc           2%         N/A       91%         3
 Mephitic Cloud           Conj/Pois/Air  2%         N/A       91%         3
 Ozocubu's Armour         Ice            2%         N/A       91%         3
 Portal Projectile        Hex/Tloc       4%         N/A       91%         3
 Spider Form              Tmut/Pois      2%         N/A       91%         3
 Stone Arrow              Conj/Erth      4%         3d7       91%         3
 Summon Guardian Golem    Hex/Summ       2%         N/A       91%         3
 Swiftness                Air            2%         N/A       91%         3
 Teleport Other           Tloc           2%         N/A       91%         3
 Vampiric Draining        Necr           2%         2d6       91%         3
 Airstrike                Air            1%         2d(1-17)  100%        4
 Anguish                  Hex/Necr       1%         N/A       100%        4
 Animate Armour           Summ/Erth      4%         N/A       100%        4
 Cause Fear               Hex            1%         N/A       100%        4
 Corpse Rot               Necr/Pois/Air  2%         N/A       100%        4
 Flame Wave               Conj/Fire      4%         2d5       100%        4
 Fulminant Prism          Conj/Hex       1%         3d6       100%        4
 Hailstorm                Conj/Ice       2%         3d3       100%        4
 Ice Form                 Ice/Tmut       2%         N/A       100%        4
 Iskenderun's Mystic Bla  Conj/Tloc      2%         2d3       100%        4
 Leda's Liquefaction      Hex/Erth       1%         N/A       100%        4
 Olgreb's Toxic Radiance  Pois           2%         N/A       100%        4
 Petrify                  Tmut/Erth      2%         N/A       100%        4
 Sticky Flame             Conj/Fire      4%         2d3       100%        4
 Summon Ice Beast         Ice/Summ       2%         N/A       100%        4
 Summon Lightning Spire   Summ/Air       2%         N/A       100%        4
 Alistair's Intoxication  Tmut/Pois      1%         N/A       100%        5
 Blade Hands              Tmut           1%         N/A       100%        5
 Borgnjor's Vile Clutch   Necr/Erth      1%         N/A       100%        5
 Fireball                 Conj/Fire      2%         3d4       100%        5
 Freezing Cloud           Conj/Ice/Air   1%         6-21      100%        5
 Irradiate                Conj/Tmut      1%         3d12      100%        5
 Iskenderun's Battlesphe  Conj           2%         2d6       100%        5
 Lee's Rapid Deconstruct  Erth           1%         3d5*      100%        5
 Lightning Bolt           Conj/Air       1%         1d12      100%        5
 Manifold Assault         Tloc           2%         N/A       100%        5
 Metabolic Englaciation   Hex/Ice        1%         N/A       100%        5
 Silence                  Hex/Air        1%         N/A       100%        5
 Summon Forest            Summ/Tloc      1%         N/A       100%        5
 Summon Mana Viper        Hex/Summ       2%         N/A       100%        5
 Conjure Ball Lightning   Conj/Air       1%         3x3d6     100%        6
 Dispersal                Tloc           1%         N/A       100%        6
 Eringya's Noxious Bog    Tmut/Pois      1%         N/A       100%        6
 Iron Shot                Conj/Erth      1%         9d1       100%        6
 Simulacrum               Ice/Necr       1%         N/A       100%        6
 Starburst                Conj/Fire      2%         6d3       100%        6
 Statue Form              Tmut/Erth      1%         N/A       100%        6
 Summon Cactus Giant      Summ           1%         N/A       100%        6
 Dragon Form              Tmut           1%         N/A       100%        7
 Monstrous Menagerie      Summ           1%         N/A       100%        7
 Orb of Destruction       Conj           1%         9d5       100%        7
 Ozocubu's Refrigeration  Ice            1%         4d7       100%        7
 Spellforged Servitor     Conj/Summ      1%         N/A       100%        7
 Storm Form               Tmut/Air       1%         N/A       100%        7
 Summon Hydra             Summ           1%         N/A       100%        7
 Discord                  Hex            1%         N/A       100%        8
 Disjunction              Tloc           1%         N/A       100%        8
 Ignition                 Fire           2%         3d3       100%        8
 Lehudib's Crystal Spear  Conj/Erth      1%         10d2      100%        8
 Maxwell's Capacitive Co  Air            1%         ∞         100%        8
 Dragon's Call            Summ           1%         N/A       100%        9


Dungeon Overview and Level Annotations

Branches:
Dungeon (15/15)            Temple (1/1) D:5            Lair (5/5) D:8
 Shoals (4/4) Lair:2        Snake (4/4) Lair:3        Slime (5/5) Lair:4
    Orc (2/2) D:11            Elf (3/3) Orc:2        Vaults (5/5) D:14
  Crypt (3/3) Vaults:2       Tomb (3/3) Crypt:3      Depths (4/4) D:15
   Hell (visited)             Dis (7/7) Hell            Geh (7/7) Hell
    Coc (7/7) Hell            Tar (7/7) Hell            Zot (4/5) Depths:4
  IceCv (visited)         Gauntlet (visited)

Altars:
Ashenzari
Dithmenos
Elyvilon
Fedhas
Gozag
Hepliaklqana
Kikubaaqudgha
Makhleb
Nemelex Xobeh
Okawaru
Qazlal
Ru
Sif Muna
Trog
Uskayaw
Vehumet
Wu Jian
Xom
Zin
The Shining One
Jiyva

Shops:
D:1 =   D:7 [   D:11 [   D:14 *   D:15 *   Orc:2 *[*[?   Elf:1 (   Shoals:2 *
Snake:1 *   Vaults:3 [

Portals:
Hell: Depths:1 Depths:2 Depths:3 Depths:4
Abyss: Depths:2 Depths:3
Pandemonium: Depths:1 Depths:2
Ziggurat: Depths:3


Innate Abilities, Weirdness & Mutations

You have a pair of horns on your head.
You reflexively headbutt those who attack you in melee.
You have large cloven feet.
You have a somewhat thin skeletal structure. (Dex +2, Stealth+)
Your muscles are strong. (Str +4, Int/Dex -1)
You passively dampen the noise of your surroundings.


Message History

The emperor scorpion poisons you!
You block the emperor scorpion's attack.
The emperor scorpion completely misses you.
The bennu is engulfed in spectral mist.
The bennu jubilantly flits about.
The bennu pecks you.
* * * LOW HITPOINT WARNING * * *
The bennu completely misses you. The bennu barely misses you.
The skeletal warrior barely misses you.
The emperor scorpion stings you but does no damage.
The emperor scorpion completely misses you.
The emperor scorpion claws you.
* * * LOW HITPOINT WARNING * * *
The bennu is engulfed in spectral mist.
The bennu pecks you!
* * * LOW HITPOINT WARNING * * *
The bennu barely misses you. You block the bennu's attack.
Blink to where?
Press: ? - help, Dir - move target
As you read the scroll of blinking, it crumbles to dust.
* * * LOW HITPOINT WARNING * * *
You feel extremely sick.
The bennu is engulfed in spectral mist.
The bennu, emptied of spiritual energy, fades out from this realm.
The bennu blazes out!
The pyre of ghostly fire engulfs the skeletal warrior.
The skeletal warrior completely resists.
The pyre of ghostly fire engulfs the emperor scorpion!!
The emperor scorpion is drained!
The pyre of ghostly fire engulfs the guardian mummy.
The guardian mummy completely resists.
An ancient champion comes into view.
It is wielding a +1 great mace and wearing a +0 chain mail of cold resistance.
The royal mummy calls on the powers of darkness!
Your body is wracked with pain!
* * * LOW HITPOINT WARNING * * *
The guardian mummy throws a stone.
You reflect the stone off an invisible shield around you!
The stone hits the guardian mummy.
The royal mummy casts a spell at you. Something smites you!
You die...

### ##+## #....#
##.......###
##.......?..#
##@.........?##
##...........)$#
#.....)....$$$$#
#M.....##......○.$$$$$}#
#MM.bM.#.......○.$)$$)[#
#.M.M..#z...z^s○$$:})|)#
+MsBMM.'MMM.M..°)|"})[##
#Mz.zB.#...M..)°$:?[=##
#†M†§..#.^....°$:||"##


You could see a royal mummy, an emperor scorpion (summoned, drained), an ancient
champion, a skeletal warrior, 3 guardian mummies and a mummy.

Vanquished Creatures
  Cerebov (Pan)
  the Royal Jelly (Slime:5)
  14 pandemonium lords (Pan)
  Ereshkigal (Tar:7)
  Gloorx Vloq (Pan)
  the Serpent of Hell (Geh:7)
  A dread lich (Tar:4)
  Dispater (Dis:7)
  5 ancient liches
  An orb of fire (Zot:4)
  Mennas (Crypt:1)
  9 juggernauts
  3 royal mummies
  Josephina (Crypt:1)
  Vv (Zot:2)
  Boris (Tomb:1)
  Frederick (Crypt:1)
  9 shard shrikes
  2 Killer Klowns (Zot:3)
  Bai Suzhen (Snake:4)
  Xtahua (Crypt:3)
  Saint Roka (Vaults:4)
  2 curse toes
  13 caustic shrikes
  Geryon (Hell)
  11 golden dragons
  A golden dragon (shapeshifter) (Depths:3)
  Nikola (Snake:3)
  19 profane servitors
  16 bone dragons
  A pearl dragon (Abyss:3)
  36 Tzitzimimeh
  8 doom hounds
  A spectral shard shrike (Tar:5)
  24 Brimstone Fiends
  6 electric golems
  14 iron giants
  Rupert (Lair:4)
  Zenata (Crypt:3)
  29 tainted leviathans
  19 tentacled monstrosities
  23 Ice Fiends
  24 searing wretches
  17 hellephants
  25 Hell Sentinels
  Asterion (Depths:1)
  19 titans
  4 liches
  A shard shrike skeleton (Crypt:2)
  2 deep elf master archers (Elf:3)
  2 deep elf blademasters (Elf:3)
  Frances (Shoals:1)
  7 quicksilver dragons
  19 acid blobs
  A kraken (Shoals:2)
  36 ancient champions
  36 Executioners
  7 tentacled starspawn
  20 shadow dragons
  16 death cobs
  8 sphinxes
  Roxanne (Elf:3)
  11 tengu reavers
  4 nagarajas (Snake:4)
  The ghost of kamileon1 the Carver, an adept DgCj (Snake:4)
  13 storm dragons
  12 demonspawn warmongers (Pan)
  A daeva (Pan)
  4 draconian knights
  17 azure jellies
  6 rockslimes
  5 draconian monks
  5 revenants
  24 narguns
  15 quicksilver elementals
  6 deep elf sorcerers
  Aizul (Snake:1)
  3 draconian scorchers
  2 orc warlords
  19 fire giants
  9 iron dragons
  17 vault wardens
  A ghost moth (Abyss:1)
  12 frost giants
  3 caustic shrike zombies
  4 curse skulls
  A draconian stormcaller (Zot:3)
  9 shard shrike simulacra
  5 spectral caustic shrikes
  16 cacodemons
  4 draconian shifters (Zot:1)
  5 deep elf elementalists (Elf:3)
  6 draconian annihilators
  52 balrugs
  16 demonspawn corrupters (Pan)
  14 ironbound preservers
  7 ghouls
  18 stone giants
  2 spriggan defenders
  8 quicksilver oozes
  7 ironbound thunderhulks
  43 war gargoyles
  34 reapers
  28 very ugly things
  10 green draconians
  12 demonspawn blood saints (Pan)
  A caustic shrike skeleton (Pan)
  23 putrid mouths
  24 elemental wellsprings
  17 demonspawn black suns (Pan)
  Azrael (Lair:3)
  5 bennus
  A spectral titan (Crypt:3)
  9 white draconians
  10 black draconians
  4 entropy weavers
  9 vampire knights
  8 deep elf demonologists
  5 red draconians
  18 wendigos
  26 lorocyprocas
  A minotaur (Gauntlet)
  12 deep elf annihilators
  3 dire elephants (Vaults:3)
  8 yellow draconians
  11 spark wasps
  27 green deaths
  7 purple draconians
  10 eidola
  10 merfolk impalers
  32 iron golems
  12 mummy priests
  8 ettins
  4 spectral quicksilver dragons (Crypt:3)
  5 merfolk javelineers
  11 fire dragons
  12 deep elf death magi
  2 deep elf high priests
  23 blizzard demons
  8 great orbs of eyes
  The ghost of Doemub the Spry, a journeyman FeSu of Gozag (Snake:3)
  2 spectral golden dragons
  11 yaktaur captains
  6 boulder beetles
  6 rakshasas
  A spriggan zombie (Hell)
  A spectral kraken (Tar:7)
  47 vault guards
  6 hydras
  2 salamander tyrants
  A spectral shadow dragon (Crypt:3)
  3 spectral spriggans
  7 hell beasts (Pan)
  A spectral tengu (Depths:4)
  An alligator snapping turtle (Shoals:4)
  6 ogre magi
  5 merfolk avatars
  6 juggernaut simulacra
  16 anacondas
  2 fenstrider witch zombies
  13 caustic shrike simulacra
  2 ghost crabs (D:12)
  10 ironbound frosthearts
  10 ice dragons
  19 centaur warriors
  6 spriggan air magi
  6 stokers
  3 merfolk aquamancers
  12 naga warriors
  A bennu zombie (Crypt:3)
  A two-headed ogre (shapeshifter) (Vaults:5)
  A catoblepas (Lair:3)
  A spectral stone giant (Tar:1)
  A satyr (Shoals:4)
  19 hell hogs
  16 two-headed ogres
  41 death scarabs
  30 dancing weapons
  4 tengu warriors
  7 deep troll earth magi
  4 death yaks (Lair:4)
  3 spectral dire elephants
  6 deep troll shamans
  7 vampire magi
  7 thrashing horrors (Abyss:3)
  19 naga sharpshooters
  2 death knights
  6 hell knights (Depths:1)
  Urug (Lair:4)
  3 spriggan berserkers
  2 orc high priests (Depths:2)
  2 spectral nagas
  2 titan skeletons (Pan)
  31 soul eaters
  8 shock serpents
  107 sun demons
  Nergalle (D:11)
  19 crystal echidnas
  5 salamander mystics
  6 iron trolls
  4 wretched stars
  15 deep elf knights
  5 fire crabs
  23 sixfirhies
  A death drake (shapeshifter) (D:14)
  A spectral bunyip (Crypt:3)
  12 shadow wraiths
  35 skeletal warriors
  14 flayed ghosts
  2 anaconda zombies (Hell)
  A cherub (Pan)
  5 glowing orange brains
  51 deep trolls
  11 sea snakes
  2 bunyip zombies
  3 quicksilver dragon simulacra
  4 bog bodies
  An orange crystal statue (Gauntlet)
  A spectral hydra (Tar:4)
  15 phantasmal warriors
  A fenstrider witch simulacrum (Crypt:3)
  15 shadow demons
  8 naga ritualists
  5 deep elf archers
  An obsidian statue (IceCv)
  Pikel (D:4)
  7 spriggan simulacra
  18 ironbound convokers
  A golden dragon skeleton (Depths:1)
  12 wizards
  9 lindwurms
  32 harpies
  5 necromancers
  3 oklob plants (Lair:3)
  30 ugly things
  2 shadow dragon zombies (Hell)
  13 mana vipers
  2 shining eyes
  A tengu zombie (Hell)
  20 deep elf pyromancers
  17 deep elf zephyrmancers
  9 orc knights
  A tengu skeleton (Crypt:1)
  A shadow dragon skeleton (Pan)
  3 frost giant zombies (Hell)
  A wolf spider (Vaults:5)
  A goliath frog skeleton (Crypt:3)
  An orc sorcerer (Vaults:4)
  10 cyclopes
  15 manticores
  13 fauns
  A fire giant zombie (Hell)
  14 salamanders
  A cyclops (shapeshifter) (Vaults:5)
  25 moths of wrath
  A spectral alligator snapping turtle (Tar:1)
  A stone giant zombie (Hell)
  2 worldbinders (Abyss:3)
  3 naga zombies
  2 stone giant skeletons
  A frost giant skeleton (Depths:1)
  4 titan simulacra
  7 guardian serpents
  11 elephants
  11 merfolk sirens
  13 naga magi
  21 vault sentinels
  3 molten gargoyles (Lair:5)
  30 black mambas
  14 rust devils
  2 apocalypse crabs
  A storm dragon simulacrum (Crypt:3)
  2 spectral centaurs
  3 naga skeletons
  A yellow draconian zombie (Crypt:2)
  4 ice statues
  3 centaur skeletons
  A grey draconian zombie (Crypt:3)
  Maggie (D:8)
  19 orange demons
  17 cane toads
  7 water nymphs
  A gargoyle (D:9)
  61 smoke demons
  39 hellions
  3 spectral swamp worms (Tar:7)
  A swamp worm zombie (Crypt:3)
  24 demonic crawlers
  A sea snake zombie (Hell)
  6 kobold demonologists
  2 dire elephant skeletons (Pan)
  4 unseen horrors
  18 yaktaurs
  Psyche (D:8)
  30 freezing wraiths
  10 komodo dragons
  A spectral glowing shapeshifter (Depths:1)
  12 efreet
  A golden dragon simulacrum (Coc:7)
  2 bunyip simulacra (Coc:2)
  19 ice devils
  4 anaconda simulacra
  A white draconian skeleton (Crypt:3)
  3 iron giant simulacra (Coc:7)
  22 tormentors
  2 harpy zombies
  12 red devils
  24 guardian mummies
  5 tengu conjurers
  A polar bear (Lair:4)
  47 hellwings
  2 silent spectres
  A red draconian skeleton (Crypt:2)
  12 merfolk
  6 spectral harpies
  A troll (shapeshifter) (D:13)
  An unseen horror skeleton (Crypt:2)
  4 ancient zymes (Abyss:3)
  23 wind drakes
  13 trolls
  A hydra zombie (Hell)
  A merfolk (shapeshifter) (Vaults:5)
  13 blink frogs
  4 harpy skeletons
  117 slime creatures
  6 raiju (Abyss:3)
  An ettin zombie (Hell)
  7 dream sheep
  4 stone giant simulacra
  An iron dragon simulacrum (Coc:2)
  59 large abominations
  An alligator zombie (Hell)
  9 snapping turtles
  12 starcursed masses
  26 flying skulls
  8 spriggan skeletons
  A vampire (D:14)
  A centaur simulacrum (Crypt:1)
  7 ushabtiu
  A spriggan (shapeshifter) (Vaults:5)
  4 naga simulacra
  10 wyverns
  7 dire elephant simulacra
  2 air elementals
  76 yaks
  8 wraiths
  43 ynoxinuls
  2 alligator snapping turtle simulacra
  5 fire elementals
  11 basilisks
  4 fire bats (D:10)
  25 water elementals
  7 shadows
  Grum (Lair:1)
  5 golden eyes (Pan)
  A sea snake simulacrum (Hell)
  2 redbacks (Vaults:1)
  3 vampire mosquitoes (D:14)
  25 neqoxecs
  66 chaos spawn
  5 steam dragons
  15 harpy simulacra
  9 minotaur simulacra
  A glowing shapeshifter zombie (Hell)
  27 nagas
  Edmund (D:5)
  2 acid dragons
  14 hell hounds
  6 small abominations
  12 water moccasins
  2 hydra simulacra (IceCv)
  A floating eye zombie (Hell)
  2 floating eyes (Pan)
  20 orc warriors
  A demonspawn skeleton (Crypt:3)
  A sky beast (D:7)
  4 ice beasts
  7 ettin simulacra
  2 black bears
  10 wolves
  22 ogres
  16 boggarts
  7 centaurs
  4 kobold brigands
  A phantom (D:7)
  7 bullfrogs
  A komodo dragon skeleton (Crypt:3)
  A necrophage (Crypt:2)
  9 deep troll simulacra (IceCv)
  A scorpion (D:3)
  A gnoll sergeant (D:6)
  8 wights
  10 killer bees
  2 lindwurm simulacra (IceCv)
  2 howler monkeys (D:9)
  9 crimson imps
  A quasit (Abyss:3)
  7 lava snakes
  A bullfrog zombie (Crypt:1)
  5 hounds
  4 jellies
  2 gnoll boudas
  9 orc priests
  Crazy Yiuf (D:4)
  4 iguanas
  Ijyb (D:4)
  17 orc wizards
  12 hell rats
  3 polar bear simulacra (Lair:3)
  A statue (D:8)
  6 wolf simulacra (Lair:3)
  An acid dragon zombie (Crypt:2)
  An ogre zombie (Crypt:2)
  17 mummies
  6 adders
  11 gnolls
  6 white imps
  2 ufetubi
  2 jelly zombies
  A worm (D:4)
  2 dart slugs
  64 orcs
  A bat zombie (Crypt:3)
  5 endoplasms
  2 giant cockroaches (D:3)
  9 goblins
  5 hobgoblins
  13 kobolds
  2 quokkas
  8 ball pythons
  A ball python zombie (Crypt:1)
  3 bats (D:2)
  3 frilled lizards
  A goblin zombie (Crypt:3)
  A hobgoblin skeleton (Crypt:1)
  A kobold skeleton (Crypt:1)
  A quokka skeleton (Crypt:3)
  8 rats
  2 river rat simulacra (Lair:3)
  A creeping inferno (Hell)
  41 fire vortices
  A starspawn tentacle (Abyss:3)
  5 tentacles
4207 creatures vanquished.

Vanquished Creatures (collateral kills)
  Antaeus (Coc:7)
  Asmodeus (Geh:7)
  Mnoleg (Pan)
  An ancient lich (Vaults:5)
  Sojobo (Vaults:3)
  A juggernaut (Depths:3)
  A shard shrike (Coc:7)
  4 Tzitzimimeh
  An Executioner (Pan)
  A tengu reaver (Vaults:5)
  A shadow dragon (Vaults:3)
  2 storm dragons
  A quicksilver elemental (Dis:2)
  An azure jelly (Coc:7)
  A deep elf sorcerer (Vaults:5)
  2 vault wardens
  A curse skull (Crypt:1)
  2 cacodemons (Pan)
  4 very ugly things
  An elemental wellspring (Coc:7)
  A deep elf annihilator (Vaults:5)
  A wendigo (Coc:7)
  3 mummy priests (Tomb:1)
  A vault guard (Vaults:4)
  A yaktaur captain (Vaults:3)
  A naga warrior (Snake:3)
  5 death scarabs
  2 dancing weapons (Elf:3)
  A soul eater (Pan)
  An orb spider (shapeshifter) (Vaults:3)
  A lindwurm (Vaults:1)
  A spriggan simulacrum (Crypt:1)
  A mana viper (Snake:4)
  A deep elf zephyrmancer (Elf:3)
  2 ugly things (Pan)
  2 smoke demons (Pan)
  An orange demon (Pan)
  2 tormentors
  A demonic crawler (Pan)
  A guardian mummy (Tomb:1)
  A flying skull (Tomb:1)
  A dire elephant simulacrum (Crypt:1)
  A naga simulacrum (Coc:7)
  6 neqoxecs (Pan)
  A fire elemental (Elf:3)
  2 chaos spawn (Pan)
  A naga (Snake:3)
  A fire bat skeleton (Crypt:1)
  A floating eye (Pan)
  A hound zombie (Crypt:1)
75 creatures vanquished.

Vanquished Creatures (others)
  An eldritch tentacle (Pan)
  A fire giant (Coc:1)
  A draconian scorcher (Zot:1)
  2 shard shrike simulacra
  3 bennus (Tomb:3)
  A demonspawn blood saint (Pan)
  An elemental wellspring (Coc:7)
  Nessos (Lair:4)
  2 juggernaut simulacra (Coc:7)
  A soul eater (Hell)
  A quicksilver dragon simulacrum (Coc:4)
  2 spriggan simulacra (Coc:7)
  A deep elf pyromancer (Elf:3)
  A wizard (Pan)
  An anaconda simulacrum (Coc:4)
  A kobold demonologist (Depths:2)
  A naga simulacrum (Coc:2)
  2 dire elephant simulacra
  2 chaos spawn (Pan)
  2 nagas
  2 electric eels (D:13)
  An orc wizard (D:8)
  An orc (Vaults:4)
  14 ball lightnings (Pan)
  5 creeping infernos
  14 demonic plants (Gauntlet)
  3 fire vortices
  13 fungi
  64 plants
  21 starspawn tentacles
  9 tentacles
175 creatures vanquished.

Grand Total: 4457 creatures vanquished

Notes
Turn   | Place    | Note
-------+----------+-------------------------------------------
     0 | D:1      | Smoke131 the Minotaur Fighter began the quest for the Orb.
     0 | D:1      | Reached XP level 1. HP: 19/19 MP: 0/0
   276 | D:1      | Found a faded altar of an unknown god.
   375 | D:1      | Reached XP level 2. HP: 27/27 MP: 1/1
   736 | D:1      | Found Ijast's Jewellery Boutique.
  1132 | D:2      | Reached XP level 3. HP: 27/33 MP: 2/2
  1259 | D:2      | Identified the +7 short sword of Biluhied {vorpal, rPois}
  1721 | D:3      | Reached XP level 4. HP: 41/41 MP: 3/3
  2078 | D:3      | Reached XP level 5. HP: 19/47 MP: 4/4
  2296 | D:3      | Reached skill level 5 in Armour
  2645 | D:4      | Reached skill level 5 in Shields
  2726 | D:4      | Reached skill level 5 in Fighting
  2748 | D:4      | Noticed Ijyb
  2753 | D:4      | Killed Ijyb
  2771 | D:4      | Reached XP level 6. HP: 48/56 MP: 5/5
  2936 | D:4      | Found a shadowy altar of Dithmenos.
  3242 | D:4      | Noticed Pikel
  3270 | D:4      | Killed Pikel
  3271 | D:4      | Reached skill level 5 in Maces & Flails
  3271 | D:4      | Reached XP level 7. HP: 51/64 MP: 6/6
  3340 | D:4      | Found a stormy altar of Qazlal.
  3586 | D:4      | Found a runed translucent door.
  3587 | D:4      | Noticed Crazy Yiuf
  3593 | D:4      | Killed Crazy Yiuf
  3731 | D:5      | Entered Level 5 of the Dungeon
  3870 | D:4      | Reached XP level 8. HP: 62/71 MP: 7/7
  4165 | D:5      | Noticed Edmund
  4427 | D:5      | Killed Edmund
  4607 | D:5      | Identified 2 scrolls of acquirement
  4607 | D:5      | Acquired the +2 pair of boots of Hubris {+Blink Will+}
  4814 | D:5      | Found a staircase to the Ecumenical Temple.
  4823 | Temple   | Entered the Ecumenical Temple
  4935 | Temple   | Became a worshipper of the Shining One
  5317 | D:5      | Found a glowing silver altar of Zin.
  5317 | D:5      | Noticed an angel
  5814 | D:6      | Found a blossoming altar of Fedhas.
  5824 | D:6      | Found a hide-covered altar of Uskayaw.
  5874 | D:6      | Reached XP level 9. HP: 81/81 MP: 8/8
  6051 | D:7      | Reached * piety under the Shining One
  6394 | D:7      | Found Hanast's Antique Armour Boutique.
  6406 | D:7      | Bought a pair of gloves for 112 gold pieces
  7061 | D:8      | Found a white marble altar of Elyvilon.
  7752 | D:8      | Found a bloodstained altar of Trog.
  7754 | D:8      | Noticed Psyche
  7775 | D:8      | Killed Psyche
  7776 | D:8      | Reached XP level 10. HP: 87/91 MP: 9/9
  8198 | D:8      | Found a radiant altar of Vehumet.
  8265 | D:8      | Found an ornate altar of the Wu Jian Council.
  8265 | D:8      | Found a sacrificial altar of Ru.
  8318 | D:8      | Noticed Maggie
  8318 | D:8      | Noticed a two-headed ogre
  8321 | D:8      | Killed a two-headed ogre
  8322 | D:8      | Reached skill level 10 in Fighting
  8322 | D:8      | Reached skill level 10 in Maces & Flails
  8322 | D:8      | Reached skill level 10 in Armour
  8322 | D:8      | Reached skill level 10 in Shields
  8328 | D:8      | Killed Maggie
  8329 | D:8      | Reached skill level 1 in Invocations
  8329 | D:8      | Reached skill level 1 in Evocations
  8858 | D:8      | Found a staircase to the Lair.
  9296 | D:9      | Noticed a sixfirhy
  9297 | D:9      | Reached ** piety under the Shining One
  9477 | D:9      | Noticed a gargoyle
  9805 | D:9      | Killed a gargoyle
  9806 | D:9      | Reached XP level 11. HP: 41/99 MP: 13/13
 10258 | D:9      | Found an ancient bone altar of Kikubaaqudgha.
 10420 | D:9      | Reached skill level 5 in Invocations
 10564 | D:10     | Entered Level 10 of the Dungeon
 10589 | D:10     | Reached skill level 5 in Evocations
 11129 | D:10     | Reached *** piety under the Shining One
 11846 | D:11     | Noticed an eight-headed hydra
 11856 | D:11     | Killed an eight-headed hydra
 12042 | D:11     | Noticed an orc knight
 12063 | D:11     | Killed an orc knight
 12198 | D:11     | Found a staircase to the Orcish Mines.
 12200 | D:11     | Found Zaup's Armour Shoppe.
 12227 | D:11     | Bought a +0 plate armour for 276 gold pieces
 12345 | D:11     | Noticed a soul eater
 12745 | D:11     | Reached **** piety under the Shining One
 12764 | D:11     | Reached XP level 12. HP: 83/106 MP: 17/17
 12953 | D:11     | Noticed a two-headed ogre
 12972 | D:11     | Killed a two-headed ogre
 13437 | D:11     | Noticed a boulder beetle
 13462 | D:11     | Killed a boulder beetle
 14025 | Lair:1   | Entered Level 1 of the Lair of Beasts
 14235 | Lair:1   | Noticed Grum
 14249 | Lair:1   | Killed Grum
 15311 | Lair:2   | Found a gate leading to a gauntlet.
 15325 | Gauntlet | Entered a Gauntlet
 15325 | Gauntlet | Found a transporter.
 15334 | Gauntlet | Found a transporter.
 15335 | Gauntlet | Noticed a blizzard demon
 15352 | Gauntlet | Found a transporter.
 15355 | Gauntlet | Found a transporter.
 15376 | Gauntlet | Found a transporter.
 15389 | Gauntlet | Found a transporter.
 15389 | Gauntlet | Reached ***** piety under the Shining One
 15403 | Gauntlet | Found a transporter.
 15432 | Gauntlet | Found a transporter.
 15432 | Gauntlet | Found a transporter.
 15437 | Gauntlet | Found a transporter.
 15464 | Gauntlet | Found a transporter.
 15464 | Gauntlet | Found a transporter.
 15521 | Gauntlet | Noticed a death yak
 15521 | Gauntlet | Noticed a death yak
 15522 | Gauntlet | Noticed a death yak
 15636 | Gauntlet | Acquired a +1 hat of willpower
 15655 | Gauntlet | Reached skill level 10 in Invocations
 15855 | Gauntlet | Identified the -2 cloak of Oblivion {-Cast rN+ Dex+3}
 15998 | Gauntlet | Identified the +8 plate armour of the Banana {rC- rN++
                  | Dex+9 Stlth+}
 15998 | Gauntlet | Noticed a minotaur
 16014 | Gauntlet | Killed a minotaur
 16032 | Gauntlet | Got the Spellbook of Leadership
 16037 | Gauntlet | Identified the +1 leather armour of Lesser Demons {Rampage
                  | rF+ MP+9}
 16412 | Lair:2   | Reached skill level 10 in Evocations
 16747 | Lair:2   | You fall into a shaft and drop 1 floor!
 16747 | Lair:3   | Noticed a seven-headed hydra
 16936 | Lair:2   | Found a staircase to the Shoals.
 17689 | Lair:3   | Found a staircase to the Snake Pit.
 17739 | Lair:3   | Reached XP level 13. HP: 85/114 MP: 19/19
 19228 | Lair:4   | Noticed Rupert
 19234 | Lair:4   | Noticed Nessos
 19344 | Lair:4   | Killed Rupert
 19567 | Lair:4   | Found a viscous altar of Jiyva.
 19567 | Lair:4   | Found a staircase to the Slime Pits.
 19578 | Lair:4   | Killed Nessos
 20586 | Lair:4   | Noticed Urug
 20597 | Lair:4   | Killed Urug
 20598 | Lair:4   | Reached XP level 14. HP: 116/126 MP: 20/20
 20885 | Lair:5   | Entered Level 5 of the Lair of Beasts
 21841 | Lair:5   | Found a large runed translucent door.
 22286 | Lair:5   | Identified the +8 trident of Destiny {pain, Str+4}
 22608 | Lair:5   | Reached ****** piety under the Shining One
 22776 | Lair:5   | Acquired 596 gold pieces
 23158 | D:1      | Bought a ring of protection from fire for 300 gold pieces
 23768 | Lair:5   | Found a large runed translucent door.
 24278 | Orc:1    | Entered Level 1 of the Orcish Mines
 24320 | Orc:1    | Noticed Nergalle
 24388 | D:11     | Killed Nergalle
 24858 | Orc:2    | Entered Level 2 of the Orcish Mines
 25703 | Orc:2    | Found a staircase to the Elven Halls.
 25706 | Orc:2    | Found Innolyid's Assorted Antiques.
 26311 | Orc:2    | Found Fyros's Antique Armour Boutique.
 26311 | Orc:2    | Found Terphuer's Armour Boutique.
 26387 | Orc:2    | Found Tamipol's Magic Scroll Shoppe.
 26433 | Orc:2    | Found Veutaufu's Assorted Antiques.
 26707 | Orc:2    | Bought a +2 buckler of protection for 215 gold pieces
 26725 | Orc:2    | Bought a glowing hat for 189 gold pieces
 26732 | Orc:2    | Bought a scroll of enchant weapon for 90 gold pieces
 26732 | Orc:2    | Bought a scroll of teleportation for 36 gold pieces
 26737 | Orc:2    | Bought a heavily runed chain mail for 218 gold pieces
 26737 | Orc:2    | Identified the +4 chain mail of the Kettle-Drum {Slay+4}
                  | (You bought it in a shop on level 2 of the Orcish Mines)
 26737 | Orc:2    | Bought a potion of might for 92 gold pieces
 26737 | Orc:2    | Bought a scroll of blinking for 172 gold pieces
 26943 | D:11     | Reached XP level 15. HP: 126/137 MP: 21/21
 27343 | D:12     | Found a runed translucent door.
 27381 | D:12     | Identified the +2 robe of Follow the Leader {Int+5}
 27418 | D:12     | You fall into a shaft and drop 3 floors!
 27418 | D:15     | Entered Level 15 of the Dungeon
 27732 | D:15     | Found Patac's Assorted Antiques.
 27875 | D:14     | Found a gate to the Vaults.
 30609 | D:14     | Reached skill level 15 in Fighting
 30611 | D:14     | Found Diocyu's General Store.
 30840 | D:13     | Reached skill level 15 in Armour
 31134 | D:13     | Reached skill level 15 in Maces & Flails
 31150 | D:14     | Reached skill level 15 in Shields
 32599 | D:15     | Reached XP level 16. HP: 141/149 MP: 23/23
 33182 | D:15     | Found a broken altar of Ashenzari.
 33571 | D:15     | Found a staircase to the Depths.
 33892 | Snake:1  | Entered Level 1 of the Snake Pit
 33896 | Snake:1  | Noticed Aizul
 33912 | Snake:1  | Noticed Azrael
 33916 | Snake:1  | Killed Aizul
 34091 | Lair:3   | Killed Azrael
 34127 | Snake:1  | Acquired a +6 eveningstar of protection
 34137 | Snake:1  | Acquired the +2 pair of gloves of Lesser Demons {Will+++
                  | Int+5 Slay+5 Stlth-}
 34815 | Snake:1  | Found a runed translucent gate.
 34816 | Snake:1  | Found a runed translucent gate.
 34816 | Snake:1  | Found a runed translucent gate.
 35021 | Snake:1  | Identified the +4 mace of the Flying Gods {vamp, rElec
                  | Stlth+}
 35288 | Snake:1  | You fall into a shaft and drop 1 floor!
 35486 | Snake:1  | Found Ethraasa's Assorted Antiques.
 35493 | Snake:1  | Bought a scroll of magic mapping for 247 gold pieces
 35493 | Snake:1  | Bought a scroll of enchant weapon for 247 gold pieces
 37867 | Snake:2  | Reached skill level 15 in Invocations
 38358 | Snake:3  | Noticed Nikola
 38644 | Snake:3  | Killed Nikola
 39060 | Snake:3  | Found a runed translucent door.
 39065 | Snake:3  | Noticed Doemub's ghost (journeyman FeSu)
 39075 | Snake:3  | Killed Doemub's ghost
 39480 | Snake:3  | Reached XP level 17. HP: 49/156 MP: 27/27
 39485 | Snake:3  | HP: 4/156 [shock serpent/bolt of electricity (10)]
 40697 | Snake:4  | Entered Level 4 of the Snake Pit
 41027 | Snake:4  | Noticed Bai Suzhen
 41045 | Snake:4  | Killed Bai Suzhen
 42271 | Snake:4  | Noticed kamileon1's ghost (adept DgCj)
 42303 | Snake:4  | Found a runed translucent gate.
 42303 | Snake:4  | Found a runed translucent gate.
 42303 | Snake:4  | Found a runed translucent gate.
 43182 | Snake:4  | Got a serpentine rune of Zot
 43514 | Shoals:1 | Entered Level 1 of the Shoals
 44609 | Shoals:1 | Noticed Frances
 44617 | Shoals:1 | Killed Frances
 45660 | Shoals:2 | Reached XP level 18. HP: 168/168 MP: 28/28
 45815 | Shoals:2 | Identified the +1 dagger of the Fox {freeze, rElec}
 46008 | Shoals:2 | Found Ipseufat's General Store.
 46013 | Shoals:2 | Bought a scroll of blinking for 135 gold pieces
 46013 | Shoals:2 | Bought a potion of might for 72 gold pieces
 46668 | Shoals:3 | Found a frozen archway.
 46677 | IceCv    | Entered an ice cave
 47339 | IceCv    | Noticed an Ice Fiend
 47371 | IceCv    | Killed an Ice Fiend
 48346 | Shoals:4 | Entered Level 4 of the Shoals
 49222 | Shoals:4 | Identified the ring "Forget-Me-Not" {*Slow rF+ rC+ rN++
                  | Will+}
 49982 | Shoals:4 | Got a barnacled rune of Zot
 51147 | Elf:1    | Entered Level 1 of the Elven Halls
 51196 | Elf:1    | Identified the +4 mace of Dissolution {holy, Stlth+}
 51668 | Elf:1    | Found Seeclere's Weapon Shop.
 51843 | Elf:1    | Reached XP level 19. HP: 171/179 MP: 29/29
 51910 | Elf:1    | Paralysed by an air elemental for 1 turns
 52600 | Elf:2    | Paralysed by an air elemental for 1 turns
 52840 | Elf:2    | Found a runed translucent gate.
 52841 | Elf:2    | Found a runed translucent gate.
 52841 | Elf:2    | Found a runed translucent gate.
 54265 | Elf:3    | Entered Level 3 of the Elven Halls
 54808 | Elf:3    | Identified the +6 great sword of Ceraxant {spect, rCorr
                  | Int+3 Dex+4}
 54881 | Elf:3    | Identified Roxanne's Incunable of the Mountains
 54881 | Elf:3    | Noticed Roxanne
 55734 | Elf:3    | Identified the +11 long sword "Zimipp" {freeze, rElec rPois
                  | Will++}
 55734 | Elf:3    | Identified the +1 robe of Mental Paralysis {Rampage +Inv
                  | Dex-5 Archmagi}
 56091 | Elf:3    | Killed Roxanne
 56259 | Vaults:1 | Entered Level 1 of the Vaults
 56482 | Vaults:1 | Reached XP level 20. HP: 136/191 MP: 30/30
 58954 | Vaults:2 | Found a flickering gateway to a bazaar.
 58963 | Bazaar   | Entered a bazaar
 58963 | Bazaar   | Found Maehul's Distillery.
 58963 | Bazaar   | Found Coikuz's Antique Weapon Shop.
 59043 | Bazaar   | Found Tedolujuv's Antique Armour Shop.
 59051 | Bazaar   | Bought a shiny crystal plate armour for 2158 gold pieces
 59089 | Bazaar   | Bought a potion of haste for 150 gold pieces
 60101 | Vaults:2 | You fall into a shaft and drop 1 floor!
 60241 | Vaults:3 | Noticed Sojobo
 61075 | Vaults:2 | Reached XP level 21. HP: 137/201 MP: 31/31
 61202 | Vaults:2 | Found a staircase to the Crypt.
 61603 | Vaults:3 | Killed Sojobo
 61879 | Vaults:3 | Found a huge runed gate.
 61883 | Vaults:3 | Found a huge runed gate.
 61883 | Vaults:3 | Found a huge runed gate.
 61883 | Vaults:3 | Found a huge runed gate.
 61883 | Vaults:3 | Found a huge runed gate.
 61883 | Vaults:3 | Found a huge runed gate.
 61883 | Vaults:3 | Found a huge runed gate.
 61883 | Vaults:3 | Found a huge runed gate.
 61883 | Vaults:3 | Found a huge runed gate.
 61883 | Vaults:3 | Found a huge runed gate.
 61883 | Vaults:3 | Found a huge runed gate.
 61884 | Vaults:3 | Found a huge runed gate.
 61885 | Vaults:3 | Found a huge runed gate.
 61886 | Vaults:3 | Found a huge runed gate.
 62290 | Vaults:3 | Found Fevilol's Antique Armour Shoppe.
 62596 | Vaults:3 | Found a huge runed gate.
 62597 | Vaults:3 | Found a huge runed gate.
 62598 | Vaults:3 | Found a huge runed gate.
 62606 | Vaults:3 | Found a huge runed gate.
 62606 | Vaults:3 | Found a huge runed gate.
 62606 | Vaults:3 | Found a huge runed gate.
 62606 | Vaults:3 | Found a huge runed gate.
 62606 | Vaults:3 | Found a huge runed gate.
 62606 | Vaults:3 | Found a huge runed gate.
 62607 | Vaults:3 | Found a huge runed gate.
 62608 | Vaults:3 | Found a huge runed gate.
 62609 | Vaults:3 | Found a huge runed gate.
 62617 | Vaults:3 | Found a huge runed gate.
 62617 | Vaults:3 | Found a huge runed gate.
 62617 | Vaults:3 | Found a huge runed gate.
 62617 | Vaults:3 | Found a huge runed gate.
 62617 | Vaults:3 | Found a huge runed gate.
 62617 | Vaults:3 | Found a huge runed gate.
 62618 | Vaults:3 | Found a huge runed gate.
 62619 | Vaults:3 | Found a huge runed gate.
 62648 | Vaults:3 | Identified the +4 tower shield "Juph" {rElec rCorr Stlth-}
 63378 | Vaults:4 | Reached skill level 27 in Maces & Flails
 63935 | Vaults:4 | Noticed Saint Roka
 63993 | Vaults:4 | Killed Saint Roka
 64300 | Vaults:4 | Found a portal to a secret trove of treasure.
 64625 | Vaults:5 | Entered Level 5 of the Vaults
 65678 | Vaults:5 | Reached XP level 22. HP: 167/211 MP: 32/32
 66303 | Vaults:5 | Identified the +4 scimitar of Plunder {protect, Dex+4}
 66518 | Vaults:5 | Identified the +9 war axe of Zin, Riding {freeze, Int+2
                  | SInv}
 67459 | Vaults:5 | Noticed an ancient lich
 67465 | Vaults:5 | Killed an ancient lich
 67702 | Vaults:5 | Noticed an ancient lich
 67717 | Vaults:4 | Killed an ancient lich
 68467 | Vaults:5 | Got a silver rune of Zot
 68611 | D:14     | Acquired the +3 pair of mountain boots {steadfast, rC+}
 68611 | D:14     | Found the +3 pair of mountain boots {steadfast, rC+}
 68905 | Slime:1  | Entered Level 1 of the Pits of Slime
 69184 | Slime:2  | Gained mutation: You are robust. (+10% HP) [a shining eye]
 70803 | Slime:5  | Entered Level 5 of the Pits of Slime
 71215 | Slime:5  | Gained mutation: You are weak. (Str -2) [a shining eye]
 71217 | Slime:5  | Lost mutation: You are robust. (+10% HP) [a shining eye]
 71319 | Slime:5  | Noticed the Royal Jelly
 71365 | Slime:5  | Killed the Royal Jelly
 71366 | Slime:5  | Reached XP level 23. HP: 126/221 MP: 27/34
 72453 | Slime:5  | Identified the ring of Asorch {Fire rPois SInv Stlth+}
 72461 | Slime:5  | Got a slimy rune of Zot
 72462 | Slime:5  | Identified the +7 quick blade of Circular Logic {flame,
                  | Dex+10}
 72495 | Slime:5  | Identified the +5 arbalest "Semnaxoh" {venom, rPois}
 72933 | Depths:1 | Entered Level 1 of the Depths
 73396 | Depths:1 | Found a one-way gate leading to the halls of Pandemonium.
 73600 | Depths:1 | Noticed Asterion
 73611 | Depths:1 | Killed Asterion
 74064 | Vaults:4 | You paid a toll of a +6 demon blade to enter a treasure
                  | trove
 74065 | Trove    | Entered a treasure trove
 74075 | Trove    | Identified the ring "Vunlur" {rCorr EV+4 Slay+2 SInv}
 74089 | Trove    | Identified the amulet of Prescription {Acrobat rElec rN+
                  | Int+3}
 74094 | Trove    | Identified the ring "Paety" {rF+ Str+6 Dex+4}
 74108 | Trove    | Identified the ring of Wuatogg {rF- rC++ rCorr Str+6 SInv}
 74113 | Trove    | Identified the amulet "Ligriona" {Reflect +Blink rC+ Str+6
                  | SH+5}
 74123 | Trove    | Identified the ring "Fonwapp" {rN+ rCorr}
 74126 | Trove    | Identified the ring "Otuq" {rElec Str+6 Int-5 Dex+3}
 74127 | Trove    | Identified the ring of Waesagegg {rElec rF+ rC+}
 74128 | Trove    | Identified the ring of Yssuenec {Fly rElec Int-5 Dex+7
                  | Slay+4}
 74129 | Trove    | Identified the amulet of the Everdark {Acrobat rF+}
 74130 | Trove    | Identified the amulet of Scepticism {Faith Dex+2}
 74416 | Depths:1 | Identified a +9 eveningstar of holy wrath (a +9 eveningstar
                  | of freezing blessed by the Shining One)
 74416 | Depths:1 | Received a gift from the Shining One
 74641 | Depths:1 | Found a transporter.
 74647 | Depths:1 | Found a transporter.
 75109 | Depths:1 | Found a gateway to Hell.
 75194 | Depths:2 | Found a one-way gate to the infinite horrors of the Abyss.
 75231 | Depths:2 | Identified the +0 plate armour of Bright Intercession {Harm
                  | rF+ Will++}
 75426 | Depths:2 | Identified the +0 robe "Vyosenon" {rF++}
 75519 | Depths:2 | Found a shimmering blue altar of Sif Muna.
 75693 | Depths:2 | Identified the amulet "Feqeah" {RegenMP rElec rC+++ Will+
                  | Stlth-}
 76659 | Depths:3 | Noticed a juggernaut
 76678 | Depths:3 | Killed a juggernaut
 76770 | Depths:3 | Identified the +8 rapier "Xyexzeb" {vorpal, SInv Stlth+}
 76888 | Depths:3 | Noticed a caustic shrike
 76888 | Depths:3 | a golden dragon changed into a caustic shrike
 76890 | Depths:3 | a caustic shrike changed into a golden dragon
 76893 | Depths:3 | Reached XP level 24. HP: 178/234 MP: 34/34
 76928 | Depths:3 | Noticed a juggernaut
 76939 | Depths:3 | Killed a juggernaut
 76940 | Depths:3 | Noticed a juggernaut
 76950 | Depths:3 | Killed a juggernaut
 77285 | Depths:3 | Found a one-way gateway to a ziggurat.
 77509 | Depths:4 | Entered Level 4 of the Depths
 77608 | Depths:4 | Found a hazy altar of Hepliaklqana.
 78000 | Depths:4 | Found a gate to the Realm of Zot.
 78368 | Depths:4 | Found an iron altar of Okawaru.
 78375 | Depths:4 | Acquired a manual of Fighting
 79100 | Crypt:1  | Entered Level 1 of the Crypt
 79279 | Crypt:1  | Identified the ring of Paranoia {Ice Str+2 Dex+8}
 79279 | Crypt:1  | Noticed Josephina
 79288 | Crypt:1  | Killed Josephina
 79385 | Crypt:1  | Noticed Mennas
 79388 | Crypt:1  | Noticed Frederick
 79398 | Crypt:1  | Killed Mennas
 79403 | Crypt:1  | Killed Frederick
 80815 | Crypt:3  | Entered Level 3 of the Crypt
 80945 | Crypt:3  | Noticed Xtahua
 80963 | Crypt:3  | Killed Xtahua
 81328 | Crypt:3  | Reached XP level 25. HP: 248/248 MP: 35/35
 81368 | Crypt:3  | Identified the ring "Ytobefua" {rElec rC+ rN+ rCorr Stlth+}
 81745 | Crypt:3  | Found a staircase to the Tomb.
 81896 | Crypt:3  | Noticed Zenata
 81910 | Crypt:3  | Killed Zenata
 82590 | Zot:1    | Entered Level 1 of the Realm of Zot
 86497 | Zot:2    | Reached skill level 5 in Dodging
 86497 | Zot:2    | Reached XP level 26. HP: 264/264 MP: 36/36
 86525 | Zot:2    | Noticed Vv
 86584 | Zot:2    | Killed Vv
 87169 | Zot:2    | Reached skill level 27 in Fighting
 87202 | Zot:2    | Identified the +7 halberd "Kunoischu" {vorpal, rPois rC-
                  | Int+6 SInv}
 87746 | Zot:3    | Reached XP level 27. HP: 273/273 MP: 36/36
 88812 | Zot:4    | Noticed an ancient lich
 88827 | Zot:4    | Killed an ancient lich
 89210 | Zot:4    | Noticed an orb of fire
 89211 | Zot:4    | Gained mutation: You are agile. (Dex +4, Str/Int -1) [an
                  | orb of fire]
 89214 | Zot:4    | Killed an orb of fire
 89414 | Zot:4    | Identified the +1 plate armour of the Evening {rC+ rCorr
                  | Str-2 Int+4}
 90268 | Snake:4  | Killed kamileon1's ghost
 91392 | D:14     | Bought a scroll of magic mapping for 120 gold pieces
 92002 | Depths:2 | Voluntarily entered the Abyss.
 92206 | Abyss:2  | Identified the +11 morningstar of Destruction {vamp,
                  | *Corrode rElec rPois rF++}
 92243 | Abyss:3  | Found a corrupted altar of Lugonu.
 92364 | Abyss:3  | Gained mutation: You sometimes lose your temper in combat.
                  | [a neqoxec]
 92393 | Abyss:3  | Reached skill level 27 in Armour
 92393 | Abyss:3  | Reached skill level 27 in Shields
 92697 | Abyss:3  | Lost intelligence.
 92799 | Abyss:3  | Got an abyssal rune of Zot
 92813 | Depths:2 | Escaped the Abyss
 92863 | Pan      | Entered Pandemonium
 92934 | Pan      | Identified the +1 scale mail "Fuemax" {rElec rN+ Str+2}
 93010 | Pan      | Lost mutation: You sometimes lose your temper in combat.
                  | [potion of mutation]
 93010 | Pan      | Lost mutation: You are weak. (Str -2) [potion of mutation]
 93010 | Pan      | Gained mutation: Your magical capacity is low. (-10% MP)
                  | [potion of mutation]
 93010 | Pan      | Gained mutation: You are robust. (+10% HP) [potion of
                  | mutation]
 93010 | Pan      | Gained mutation: Your mind is acute. (Int +4, Str/Dex -1)
                  | [potion of mutation]
 93166 | Pan      | Identified the +6 eveningstar "Goblinbane" {vamp, *Noise
                  | +Blink rElec rF+}
 93173 | Pan      | Noticed Qoxuocvaavu the pandemonium lord
 93179 | Pan      | Killed Qoxuocvaavu the pandemonium lord
 93273 | Pan      | Gained mutation: You are weak. (Str -2) [a cacodemon]
 93819 | Pan      | Noticed Yna Tuedd the pandemonium lord
 93830 | Pan      | Killed Yna Tuedd the pandemonium lord
 93831 | Pan      | Reached skill level 10 in Dodging
 94808 | Pan      | Found a runed translucent door.
 94812 | Pan      | Found a runed translucent door.
 94814 | Pan      | Found a runed translucent door.
 94826 | Pan      | Found a runed translucent door.
 94844 | Pan      | Noticed Vuakk the pandemonium lord
 94853 | Pan      | Killed Vuakk the pandemonium lord
 95733 | Pan      | Found a basalt altar of Yredelemnul.
 96254 | Pan      | Lost mutation: Your mind is acute. (Int +4, Str/Dex -1) [a
                  | neqoxec]
 96461 | Pan      | Noticed Oce Dial the pandemonium lord
 96471 | Pan      | Killed Oce Dial the pandemonium lord
 96750 | Pan      | Noticed Juucymni the pandemonium lord
 96757 | Pan      | Killed Juucymni the pandemonium lord
 97114 | Pan      | Gained mutation: You do not regenerate when monsters are
                  | visible. [a neqoxec]
 97127 | Pan      | Got a demonic rune of Zot
 97235 | Pan      | Found a runed translucent door.
 97313 | Pan      | Found an exit through the horrors of the Abyss.
 98355 | Pan      | Noticed Xuok the pandemonium lord
 98364 | Pan      | Killed Xuok the pandemonium lord
 98395 | Pan      | Entered the realm of Gloorx Vloq.
 98501 | Pan      | Found an exit through the horrors of the Abyss.
 98562 | Pan      | Reached skill level 15 in Dodging
 98600 | Pan      | Noticed Gloorx Vloq
 98888 | Pan      | Killed Gloorx Vloq
 99253 | Pan      | Got a dark rune of Zot
 99474 | Pan      | Identified the +4 scale mail of Sandy Mirth {rC+ Dex+2}
100263 | Pan      | Noticed Vairch the pandemonium lord
100273 | Pan      | Killed Vairch the pandemonium lord
100332 | Pan      | Identified the +1 leather armour "Iqeahisu" {*Slow +Blink
                  | Fly Str+4}
100334 | Pan      | Got the Monograph on Mutated Calefaction
100765 | Pan      | Found an exit through the horrors of the Abyss.
100886 | Pan      | Noticed Sonekocuzye the pandemonium lord
100898 | Pan      | Killed Sonekocuzye the pandemonium lord
101578 | Pan      | Gained mutation: You possess an exceptional clarity of
                  | mind. [a neqoxec]
101773 | Pan      | Found an exit through the horrors of the Abyss.
101943 | Pan      | Acquired 1128 gold pieces
102080 | Pan      | Noticed Osirismi the pandemonium lord
102931 | Pan      | Identified the +4 ring mail of Fokatwun {rC+ Dex+5}
103524 | Pan      | Noticed Doop the pandemonium lord
103538 | Pan      | Killed Doop the pandemonium lord
103678 | Pan      | Identified the +0 chain mail of the Vestibule of Hell
                  | {Will+}
104267 | Pan      | Entered the realm of Cerebov.
104377 | Pan      | Identified the +8 flail "Cuifo" {freeze, Str+7}
104795 | Pan      | Identified the +9 rapier "Ynotsess" {holy, Str+2}
104921 | Pan      | Found the +6 sword of Cerebov {flame}
104921 | Pan      | Noticed Cerebov
104947 | Pan      | Killed Cerebov
104961 | Pan      | Identified the +2 falchion "Sibrus" {vamp, Str+4 Int+2
                  | Dex+2}
104962 | Pan      | Identified the +2 leather armour "Doedul" {Int+6}
104999 | Pan      | Got a fiery rune of Zot
105196 | Pan      | Identified the +4 spear of the Moon {flame, rF+ Will+}
105225 | Pan      | Identified the ring of Elyvilon's Hope {rN+++ AC+4 Dex-3
                  | Slay+2 Stlth+}
105577 | Pan      | Noticed Rigoug the pandemonium lord
105597 | Pan      | Killed Rigoug the pandemonium lord
105828 | Pan      | Found an exit through the horrors of the Abyss.
106586 | Pan      | Found a huge runed translucent gate.
106587 | Pan      | Found a huge runed translucent gate.
106592 | Pan      | Found a huge runed translucent gate.
106592 | Pan      | Found a huge runed translucent gate.
106592 | Pan      | Found a huge runed translucent gate.
106592 | Pan      | Found a huge runed translucent gate.
106592 | Pan      | Found a huge runed translucent gate.
106593 | Pan      | Noticed Ypaisk the pandemonium lord
106606 | Pan      | Killed Ypaisk the pandemonium lord
106884 | Pan      | Lost mutation: You are robust. (+10% HP) [a cacodemon]
107199 | Pan      | Gained mutation: You are very weak. (Str -4) [a cacodemon]
107976 | Pan      | Noticed Wonetasoap the pandemonium lord
108017 | Pan      | Killed Wonetasoap the pandemonium lord
108187 | Pan      | Entered the realm of Mnoleg.
108389 | Pan      | Lost mutation: You possess an exceptional clarity of mind.
                  | [a neqoxec]
108392 | Pan      | Paralysed by a floating eye for 3 turns
108396 | Pan      | Lost mutation: You are agile. (Dex +4, Str/Int -1) [a
                  | neqoxec]
108397 | Pan      | Gained mutation: Your body sometimes deteriorates upon
                  | taking damage. [a neqoxec]
108402 | Pan      | Gained mutation: You possess an exceptional clarity of
                  | mind. [a neqoxec]
108433 | Pan      | Noticed Mnoleg
108444 | Pan      | Gained mutation: You are frail. (-10% HP) [a shining eye]
108446 | Pan      | Killed Mnoleg
108471 | Pan      | Reached skill level 27 in Invocations
108489 | Pan      | Gained mutation: Armour fits poorly on your strangely
                  | shaped body. [a neqoxec]
108490 | Pan      | Gained mutation: Potions are less effective at restoring
                  | your health. [a neqoxec]
108502 | Pan      | Gained mutation: Your magical capacity is very low. (-20%
                  | MP) [a neqoxec]
108503 | Pan      | Gained mutation: You expend magic power (3 MP) to
                  | strengthen your wands. [a neqoxec]
108530 | Pan      | Gained mutation: You are dopey. (Int -2) [a cacodemon]
108567 | Pan      | Found an exit through the horrors of the Abyss.
108571 | Pan      | Gained mutation: You are clumsy. (Dex -2) [a cacodemon]
108670 | Pan      | Lost mutation: You possess an exceptional clarity of mind.
                  | [a neqoxec]
108743 | Pan      | Gained mutation: You occasionally shout uncontrollably at
                  | your foes. [a neqoxec]
108771 | Pan      | Got a glowing rune of Zot
108884 | Pan      | Entered the realm of Lom Lobon.
108941 | Pan      | Found an exit through the horrors of the Abyss.
109837 | Pan      | Noticed Lom Lobon
110096 | Pan      | Got a magical rune of Zot
110486 | Pan      | Found an exit through the horrors of the Abyss.
110603 | Pan      | Noticed Tuuwotre the pandemonium lord
110639 | Pan      | Killed Tuuwotre the pandemonium lord
110703 | Pan      | Lost mutation: Your magical capacity is very low. (-20% MP)
                  | [potion of mutation]
110703 | Pan      | Lost mutation: You are frail. (-10% HP) [potion of
                  | mutation]
110703 | Pan      | Lost mutation: You are very weak. (Str -4) [potion of
                  | mutation]
111239 | Pan      | Found an exit through the horrors of the Abyss.
111427 | Pan      | Identified the +0 robe "Fuprem" {Harm rCorr Int+4 Slay-4}
111454 | Pan      | Noticed Caczeow the pandemonium lord
111469 | Pan      | Killed Caczeow the pandemonium lord
111605 | Depths:2 | Escaped Pandemonium
111610 | Depths:2 | Lost mutation: You occasionally shout uncontrollably at
                  | your foes. [potion of mutation]
111610 | Depths:2 | Lost mutation: Your body sometimes deteriorates upon taking
                  | damage. [potion of mutation]
111610 | Depths:2 | Lost mutation: Your magical capacity is low. (-10% MP)
                  | [potion of mutation]
111610 | Depths:2 | Lost mutation: You do not regenerate when monsters are
                  | visible. [potion of mutation]
111611 | Depths:2 | Lost mutation: You are weak. (Str -2) [potion of mutation]
111611 | Depths:2 | Lost mutation: You expend magic power (3 MP) to strengthen
                  | your wands. [potion of mutation]
111611 | Depths:2 | Gained mutation: You have a pair of large horns on your
                  | head. [potion of mutation]
111611 | Depths:2 | Gained mutation: You do not regenerate when monsters are
                  | visible. [potion of mutation]
111612 | Depths:2 | Lost mutation: Potions are less effective at restoring your
                  | health. [potion of mutation]
111612 | Depths:2 | Lost mutation: You are dopey. (Int -2) [potion of mutation]
111612 | Depths:2 | Gained mutation: Your spells are a little easier to cast,
                  | but a little less powerful. [potion of mutation]
111612 | Depths:2 | Gained mutation: You are robust. (+10% HP) [potion of
                  | mutation]
111613 | Depths:2 | Lost mutation: You have a pair of large horns on your head.
                  | [potion of mutation]
111613 | Depths:2 | Lost mutation: You are robust. (+10% HP) [potion of
                  | mutation]
111613 | Depths:2 | Lost mutation: You are clumsy. (Dex -2) [potion of
                  | mutation]
111613 | Depths:2 | Gained mutation: Your mind is acute. (Int +4, Str/Dex -1)
                  | [potion of mutation]
111614 | Depths:2 | Lost mutation: Armour fits poorly on your strangely shaped
                  | body. [potion of mutation]
111614 | Depths:2 | Lost mutation: Your mind is acute. (Int +4, Str/Dex -1)
                  | [potion of mutation]
111614 | Depths:2 | Gained mutation: You are resistant to electric shocks.
                  | (rElec) [potion of mutation]
111615 | Depths:2 | Lost mutation: Your spells are a little easier to cast, but
                  | a little less powerful. [potion of mutation]
111615 | Depths:2 | Lost mutation: You do not regenerate when monsters are
                  | visible. [potion of mutation]
111615 | Depths:2 | Gained mutation: You have a pair of large horns on your
                  | head. [potion of mutation]
111615 | Depths:2 | Gained mutation: You have large cloven feet. [potion of
                  | mutation]
111615 | Depths:2 | Gained mutation: You have a somewhat thin skeletal
                  | structure. (Dex +2, Stealth+) [potion of mutation]
111615 | Depths:2 | Gained mutation: You passively dampen the noise of your
                  | surroundings. [potion of mutation]
111682 | Hell     | Entered the Vestibule of Hell
111682 | Hell     | Noticed Geryon
111699 | Depths:2 | Reached skill level 1 in Long Blades
111736 | Hell     | Killed Geryon
111794 | Hell     | Reached skill level 5 in Long Blades
112002 | Hell     | Found a gateway to the Iron City of Dis.
112076 | Hell     | Found a gateway to the ashen valley of Gehenna.
112212 | Hell     | Noticed an ancient lich
112234 | Hell     | Killed an ancient lich
112274 | Hell     | Found a gateway to the decaying netherworld of Tartarus.
112328 | Hell     | Reached skill level 10 in Long Blades
112348 | Hell     | Found a gateway to the freezing wastes of Cocytus.
112453 | Dis:1    | Entered Level 1 of the Iron City of Dis
115034 | Dis:5    | Reached skill level 15 in Long Blades
115447 | Dis:5    | Noticed an ancient lich
115452 | Dis:5    | Killed an ancient lich
117379 | Dis:7    | Entered Level 7 of the Iron City of Dis
118273 | Dis:7    | Identified the +4 gold dragon scales "Vufypug" {rPois rF+
                  | rC+ Str+3}
119034 | Dis:7    | Noticed a juggernaut
119043 | Dis:7    | Killed a juggernaut
119556 | Dis:7    | Noticed a juggernaut
119564 | Dis:7    | Killed a juggernaut
119587 | Dis:7    | Noticed a juggernaut
119620 | Dis:7    | Killed a juggernaut
119839 | Dis:7    | Identified the +2 ring mail of Anaesthesia {rPois Str+6
                  | Int+4 Stlth-}
119969 | Dis:7    | Found the +4 staff of Dispater
119969 | Dis:7    | Noticed Dispater
119990 | Dis:7    | Killed Dispater
120014 | Dis:7    | Identified the ring "Bifyxet" {Dex+5 SInv}
120022 | Dis:7    | Got an iron rune of Zot
120331 | Tar:1    | Entered Level 1 of Tartarus
121768 | Tar:4    | Noticed a dread lich
121775 | Tar:4    | Killed a dread lich
122257 | Tar:4    | Noticed an ancient lich
122262 | Tar:4    | Killed an ancient lich
124308 | Tar:7    | Entered Level 7 of Tartarus
124904 | Tar:7    | Reached skill level 27 in Dodging
124919 | Tar:7    | Reached skill level 15 in Evocations
127474 | Tar:7    | Identified the ring "Jotsah" {Fly Int+5 Slay+2 SInv}
127477 | Tar:7    | Identified the +9 morningstar "Zuf Syc" {flame, rN+ Will+
                  | Int+2}
127557 | Tar:7    | Noticed Ereshkigal
127574 | Tar:7    | Killed Ereshkigal
127974 | Tar:7    | Got the Octavo of Spellbinding
127979 | Tar:7    | Got a bone rune of Zot
127981 | Tar:7    | Identified the +5 whip of the Trees {flame, Will+}
128390 | Geh:1    | Entered Level 1 of Gehenna
129076 | Hell     | Lost mutation: You are resistant to electric shocks.
                  | (rElec) [potion of mutation]
129076 | Hell     | Lost mutation: You have a pair of large horns on your head.
                  | [potion of mutation]
129076 | Hell     | Gained mutation: Your muscles are strong. (Str +4, Int/Dex
                  | -1) [potion of mutation]
131304 | Geh:7    | Entered Level 7 of Gehenna
131673 | Geh:7    | Noticed the Serpent of Hell
131686 | Geh:7    | Killed the Serpent of Hell
132273 | Geh:7    | Found the +7 sceptre of Asmodeus
132273 | Geh:7    | Noticed Asmodeus
132277 | Geh:7    | Identified the +0 tower shield of Refuge {Int+3}
132295 | Geh:7    | Killed Asmodeus
132631 | Geh:7    | Found the +5 glaive of the Guard {elec, spectral, AC+5}
132636 | Geh:7    | Identified the +8 plate armour of Whack-A-Mole {Str+5}
132646 | Geh:7    | Found the +7 lajatang of Order {silver, rMut}
132670 | Geh:7    | Identified the +2 scale mail of Existentialism {rF- Int+10
                  | Dex-4 Slay+2}
132671 | Geh:7    | Identified the ring of the Establishment {Contam rC+ Dex+3
                  | Slay+5 SInv}
132684 | Geh:7    | Identified the ring of Aklufooh {rElec rC+ Str+4}
132692 | Geh:7    | Identified the ring "Ewni" {Fly rC- rN+ Dex+6}
132700 | Geh:7    | Identified the ring of Nicuxups {Fly rF+ Dex+3}
132710 | Geh:7    | Got an obsidian rune of Zot
132961 | Coc:1    | Entered Level 1 of Cocytus
132980 | Coc:1    | Noticed a juggernaut
133170 | Coc:1    | Noticed a juggernaut
133177 | Coc:1    | Killed a juggernaut
133186 | Coc:1    | Killed a juggernaut
133258 | Coc:1    | Noticed a juggernaut
133274 | Coc:1    | Killed a juggernaut
133517 | Coc:1    | Noticed a juggernaut
133525 | Coc:1    | Killed a juggernaut
133545 | Coc:2    | Paralysed by a wendigo for 1 turns
133876 | Coc:4    | Paralysed by a wendigo for 1 turns
134160 | Coc:4    | Paralysed by a wendigo for 1 turns
136360 | Coc:7    | Entered Level 7 of Cocytus
136432 | Coc:7    | Paralysed by a wendigo for 1 turns
136878 | Coc:7    | Paralysed by a wendigo for 1 turns
137151 | Coc:7    | Identified the +2 great sword "Loopy" {freeze, Int+3}
137428 | Coc:7    | Paralysed by a wendigo for 1 turns
137745 | Coc:7    | Noticed Antaeus
137846 | Coc:7    | Paralysed by a wendigo for 1 turns
137878 | Coc:7    | Killed Antaeus
137895 | Coc:7    | Identified the ring of Tepnan {rElec rN+ MP+9}
137907 | Coc:7    | Got an icy rune of Zot
138369 | Tomb:1   | Entered Level 1 of the Tomb of the Ancients
139376 | Tomb:1   | Noticed a royal mummy
139377 | Tomb:1   | Noticed a royal mummy
140335 | Tomb:1   | Killed a royal mummy
140635 | Tomb:1   | Killed a royal mummy
140999 | Tomb:1   | Noticed Boris
141004 | Tomb:1   | Killed Boris
141005 | Tomb:1   | Reached skill level 27 in Evocations
141565 | Vaults:4 | Reached skill level 1 in Spellcasting
141982 | Tomb:2   | Noticed a royal mummy
141983 | Tomb:2   | Noticed a royal mummy
141983 | Tomb:2   | Noticed a royal mummy
141984 | Tomb:2   | Noticed a royal mummy
142187 | Tomb:2   | Paralysed by a Zot trap for 4 turns
142270 | Tomb:3   | Entered Level 3 of the Tomb of the Ancients
142281 | Tomb:3   | Noticed a royal mummy
142281 | Tomb:3   | Noticed a royal mummy
142288 | Tomb:3   | Noticed a royal mummy
142289 | Tomb:3   | Reached skill level 5 in Spellcasting
142290 | Tomb:3   | Noticed a royal mummy
142295 | Tomb:3   | Noticed a royal mummy
142299 | Tomb:3   | Found the +4 skin of Zhor {*Englaciate rC+++ SInv}
142299 | Tomb:3   | Found the amulet of the Four Winds {rN+ Will+++ Clar}
142310 | Tomb:3   | Identified the +9 falchion "Zadgh" {drain, rF+++ Str-2
                  | Dex+7}
142314 | Tomb:3   | Identified the amulet "Luvoja" {rElec rF- Regen+ Dex+3
                  | SInv}
142333 | Tomb:3   | Killed a royal mummy
142340 | Tomb:3   | Noticed a royal mummy
142346 | Tomb:3   | Killed from afar by a royal mummy

Illustrated notes

Levels and vault maps discovered:
D:1:      zaba_arrival_water, layout_basic, serial_shops,
          nicolae_shop_temple_entry_statues_fountains,
          shapermc_ecumenical_altar_venn
D:2:      layout_loops_ring
D:3:      layout_loops_ring
D:4:      layout_loops_ring, grunt_qazlal_clouds, lemuel_tele_altar,
          minmay_unequal, uniq_ijyb, uniq_crazy_yiuf_cottage, uniq_pikel
D:5:      layout_rooms, zin_angel, minmay_temple_entry_statues_pillars,
          due_unseen_surprise, uniq_edmund
D:6:      layout_rooms, mainiacjoe_overflow_big_doors, kennysheep_pointless_box
D:7:      layout_cave_pods, serial_shops, shop
D:8:      layout_loops_ring, gammafunk_temple_overflow_wave,
          amcnicky_altar_gilded, vehumet_statue, mainiacjoe_overflow_chevrons,
          erik_lair_dragon, uniq_psyche, uniq_maggie
D:9:      layout_cave_pools, kiku_gazebo_pond_becter, grunt_ministairs_9
D:10:     layout_cross, minmay_misc_feat_encased, hangedman_incinerator
D:11:     layout_stronghold, orc_david_3
D:12:     gammafunk_mikee_crab_dinner, layout_rooms
D:13:     layout_gridville, lemuel_freeze_loot_1
D:14:     layout_roguey, erik_vaults_2, serial_rivers,
          chequers_serial_rivers_micro_c, chequers_serial_rivers_micro_c,
          chequers_serial_rivers_marsh, chequers_serial_rivers_room_a,
          chequers_serial_rivers_large_a, skrybe_limestone_x, serial_shops,
          kennysheep_little_box
D:15:     grunt_enter_depths_hoard, layout_stronghold, ashenzari_altar_1,
          serial_shops, shop_fountains
Temple:   minmay_temple_curvy_loop
Lair:1:   layout_cave_pods, uniq_grum
Lair:2:   layout_cave_pods, minmay_shoals_entry_hut, gauntlet_entry_generic
Lair:3:   minmay_lair_oklob_chamber, layout_chaotic_city,
          guppyfry_snake_entry_island, eino_house_with_fridge
Lair:4:   layout_cave_pods, nicolae_slime_entry_slimehenge, beast_lair_carwin_1,
          grunt_megastairs_5, uniq_nessos, uniq_rupert, uniq_urug
Lair:5:   cheibrodos_lair_end_hotspot, layout_regular_city, lemuel_fruit_fields
Shoals:1: layout_shoals, uniq_frances
Shoals:2: layout_shoals, serial_shops, nicolae_shop_hallway_stairs,
          nicolae_shoals_square_sea_wall
Shoals:3: layout_shoals, portal_ice_cave_entry_pillars_four
Shoals:4: shoals_end_grunt_ice, layout_shoals
Snake:1:  layout_chambers, serial_shops, nicolae_square_shop,
          nicolae_snake_horde_hoard, nicolae_integral_box, uniq_aizul,
          uniq_azrael
Snake:2:  layout_layer_cave
Snake:3:  cheibrodos_forgotten_conduit, layout_onion,
          ebering_ghost_reflecting_pool, nicolae_snake_gridmaze_swirls,
          uniq_nikola
Snake:4:  grunt_snake_rune_serpentine_throne, layout_layer_cave,
          gammafunk_ghost_split, uniq_bai_suzhen
Slime:1:  layout_caves
Slime:2:  layout_caves, nicolae_slime_ancient_tower_intersection
Slime:3:  layout_caves
Slime:4:  cheibrodos_slime_lost_civilization_8, layout_caves
Slime:5
Orc:1:    layout_caves, uniq_nergalle
Orc:2:    st_orc_open, layout_diamond_mine, serial_shops, nicolae_lakefront_shop
Elf:1:    minmay_ambush_box, layout_geoelf_octagon, serial_shops,
          nicolae_take_the_stairs, hangedman_elf_disciples
Elf:2:    nicolae_elf_blades_crystal_corner, layout_geoelf_diagonals,
          grunt_megastairs_2
Elf:3:    grunt_elf_hall_spiral, layout_gridlike, minmay_fountain_box,
          uniq_roxanne
Vaults:1: grunt_vaults_swirl, hangedman_vaults_pinch,
          nicolae_vaults_specimen_jars, v_pattern_3,
          vaults_mumra_minichess_inversion, nicolae_vaults_hallways_thing,
          vaults_room_grid, hangedman_vaults_corner_blocks,
          nicolae_vaults_three_branches, vaults_dpeg_cross, st_cross,
          vaults_dpeg_encased_lava, layout_vaults_big_cross
Vaults:2: ontoclasm_vaults_misaligned, hangedman_vaults_cutoff,
          minmay_crypt_entry_simple_box, serial_ice_b, hangedman_vaults_stream,
          vaults_room_door_hall, nicolae_vaults_inception_scallops,
          ontoclasm_vaults_eye, v_misc_18, nicolae_vaults_border_crossing,
          nicolae_vaults_rhombus_5, layout_vaults_chaotic_city, serial_shops,
          bzr_in_the_mist
Vaults:3: v_rooms_5, nicolae_vaults_network_star,
          ontoclasm_vaults_loading_screen, door_vault, v_misc_2,
          vaults_room_corners, ontoclasm_vaults_loading_screen, v_misc_2,
          layout_vaults_maze_snakey, serial_shops, shop, uniq_sojobo
Vaults:4: serial_ice_g, vaults_room_door_ring, nicolae_vaults_disjoint_gnomons,
          v_rooms_4, ontoclasm_vaults_shuriken, layout_vaults_omnigrid,
          enter_trove_3, uniq_saint_roka
Vaults:5
Crypt:1:  layout_regular_city, item_on_display_a, lemuel_upstairs_altar,
          uniq_mennas, uniq_frederick, uniq_josephina
Crypt:2:  layout_chaotic_city, palyth_stone_intersect
Crypt:3:  due_elkab, layout_chaotic_city, tomb_entry_shell_bobbens,
          minmay_strange_pillars, uniq_zenata, uniq_xtahua
Tomb:1:   uniq_boris
Tomb:2
Tomb:3
Depths:1: layout_gridlike, pan_entry, hell_entry,
          chequers_serial_rivers_micro_e, special_room [special_room_morgue],
          nicolae_diode_stairs, infiniplex_staircase_pool_lava,
          serial_bayou_shore_b, uniq_asterion
Depths:2: kennysheep_blocky_room, layout_cave_pools, abyss_entry,
          lightli_too_deep, grunt_pan_entry_in_and_out, drop_trap,
          hangedman_summoners_spam, minmay_staircase_statues
Depths:3: cell_vault, layout_small_grid, enter_ziggurat_f, hell_entry,
          abyss_entry, serial_glass, glass_columns_b, glass_columns_a,
          glass_columns_c, glass_columns_a, glass_columns_b, glass_columns_a,
          due_unseen_surprise, feat_on_display, serial_sigils_hangedman_quiver
Depths:4: grunt_zot_entry_hairpin, layout_gridlike, hell_entry,
          okawaru_ov_weapons_minmay, minmay_strange_pillars,
          nicolae_hepliaklqana_monster_ancestors
Hell
Dis:1:    layout_jigsaw, lemuel_dis_dragons
Dis:2:    layout_regular_city, nicolae_dis_lava_storage_tank
Dis:3:    layout_regular_city
Dis:4:    hangedman_dis_decor_blocks_crown, layout_regular_city
Dis:5:    layout_gridville, hangedman_dis_decor_tower
Dis:6:    layout_jigsaw, evilmike_ambush [evilmike_ambush_outer_basic,
          evilmike_ambush_inner_basic]
Dis:7:    dis_grunt_layers
Geh:1:    layout_gehenna_lava_caves
Geh:2:    nicolae_geh_gridlava [nicolae_sub_geh_gridintersect,
          nicolae_sub_geh_gridintersect, nicolae_sub_geh_gridintersect,
          nicolae_sub_geh_gridintersect], layout_gehenna_pools_triple
Geh:3:    layout_gehenna_pools_basic
Geh:4:    layout_gehenna_pools_box
Geh:5:    layout_gehenna_lava_caves
Geh:6:    layout_gehenna_pools_basic
Geh:7:    geh_mu
Coc:1:    nicolae_hells_titanomachy
Coc:2:    layout_cocytus_water_paths
Coc:3:    layout_ice_bergs
Coc:4:    layout_cocytus_water_paths
Coc:5:    layout_ice_bergs
Coc:6:    layout_ice_bergs
Coc:7:    coc_hangedman
Tar:1:    layout_catacombs
Tar:2:    layout_honeycomb
Tar:3:    layout_cathedral_of_symmetry, nicolae_hells_seeping_fissure
Tar:4:    layout_grid_maze, nicolae_tar_combbox
Tar:5:    layout_cathedral_of_symmetry
Tar:6:    layout_cathedral_of_symmetry, nicolae_tar_grid_combs
Tar:7:    tar_minmay_river
Zot:1:    layout_concentric_octagons, hangedman_zot_decor_scrapings,
          grunt_ministairs_7, hangedman_snake_sidewinding
Zot:2:    layout_basic, uniq_vv
Zot:3:    layout_onion_interference, grunt_megastairs_4
Zot:4:    ebering_klown_carousel, layout_misc_corridors, st_stairs_1

Skill      XL: |  1  2  3  4  5  6  7  8  9 10 11 12 13 14 15 16 17 18 19 20 21 22 23 24 25 26 27 |
---------------+----------------------------------------------------------------------------------+-----
Armour         | 4 5 6 7 9 10 12 13 15 16 18 19 20 21 22 24 25 27 | 27.0
Fighting       | 4 5 6 7 9 10 12 13 15 16 18 19 20 21 22 24 26 27 | 27.0
Shields        | 4 5 6 7 9 10 12 13 15 16 18 19 20 21 22 24 25 27 | 27.0
Maces & Flails | 3 4 5 6 7 9 10 12 13 15 16 18 19 24 27 | 27.0
Invocations    | 4 8 10 11 15 16 17 19 20 27 | 27.0
Evocations     | 4 7 10 11 12 27 | 27.0
Dodging        | 5 27 | 27.0
Long Blades    | 23 | 23.5
Spellcasting   | 6 |  6.0

Action                   |  1- 3 |  4- 6 |  7- 9 | 10-12 | 13-15 | 16-18 | 19-21 | 22-24 | 25-27 || total
-------------------------+-------+-------+-------+-------+-------+-------+-------+-------+-------++-------
Melee: Flail             |    60 |   126 |   252 |    82 |  1088 |   145 |       |       |       ||  1753
       Headbutt          |     9 |    21 |    53 |   179 |   520 |   332 |   366 |   514 |  2162 ||  4156
       Morningstar       |       |       |       |   556 |   373 |       |       |       |       ||   929
       Eveningstar       |       |       |       |       |       |   995 |  1139 |  1460 |  5771 ||  9365
Invok: Cleansing Flame   |       |       |       |     1 |       |     6 |     1 |     2 |    58 ||    68
       Divine Shield     |       |       |       |       |     3 |     3 |     4 |    10 |    28 ||    48
       Summon Divine War |       |       |       |       |       |     2 |     5 |     5 |    33 ||    45
       Brand Weapon With |       |       |       |       |       |       |       |     1 |       ||     1
Evoke: Wand              |       |       |       |     3 |     8 |     4 |       |       |     3 ||    18
  Use: Potion            |       |     1 |       |     7 |     7 |     3 |     1 |     2 |    27 ||    48
       Scroll            |       |       |    16 |     8 |    11 |    12 |     7 |     7 |    45 ||   106
Armor: Scale mail        |    20 |    21 |       |       |       |       |       |       |       ||    41
       Chain mail        |       |    24 |   132 |   128 |       |       |       |       |       ||   284
       Plate armour      |       |       |       |   264 |   732 |   436 |   180 |       |       ||  1612
       Crystal plate arm |       |       |       |       |       |       |   256 |   594 |   235 ||  1085
       Gold dragon scale |       |       |       |       |       |       |       |       |  1542 ||  1542
Dodge: Dodged            |    25 |    27 |    70 |   190 |   255 |   143 |   125 |   162 |  1426 ||  2423
Block: Buckler           |    18 |    39 |   142 |   383 |   605 |       |       |       |       ||  1187
       Reflection        |       |     1 |     6 |     4 |    39 |   225 |    99 |    34 |   173 ||   581
       Kite shield       |       |       |       |       |   348 |   143 |       |       |       ||   491
       Tower shield      |       |       |       |       |       |  1277 |  1259 |  1651 |  6784 || 10971
